 Dungeon Crawl Stone Soup version 0.16.0 (webtiles) character file.

2497 Fiveotanaka the Grappler (level 9, -10/80 HPs)
             Began as a Troll Monk on Mar 23, 2015.
             Mangled by a crocodile (16 damage)
             ... on level 9 of the Dungeon.
             The game lasted 00:07:32 (2583 turns).

Fiveotanaka the Grappler (Troll Monk)               Turns: 2583, Time: 00:07:33

Health: -10/80     AC:  6    Str: 21    XL:     9   Next: 28%
Magic:  4/4        EV: 10    Int:  6    God:
Gold:   184        SH:  0    Dex: 15    Spells: 0 memorised, 8 levels left

rFire  . . .     SeeInvis .       - Unarmed
rCold  + . .     Clarity  .     a - +0 robe
rNeg   . . .     SustAb   .     (shield restricted)
rPois  .         Gourm    +     (helmet restricted)
rElec  .         Spirit   .     n - +0 cloak
rCorr  .         Warding  .     (gloves unavailable)
rMut   .         Stasis   .     (boots unavailable)
MR     .....                    w - amulet of the gourmand
Stlth  ++........               (no ring)
                                q - ring of protection from cold

@: not resistant to hostile enchantments, unstealthy
A: unfitting armour, claws 3, fast metabolism 3, gourmand, regeneration 2,
shaggy fur 1, tough skin 2
a: no special abilities


You were on level 9 of the Dungeon.
You were very full.

You visited 1 branch of the dungeon, and saw 8 of its levels.

You collected 184 gold pieces.

Inventory:

Armour
 a - a +0 robe (worn)
 n - a +0 cloak (worn)
Jewellery
 q - a ring of protection from cold (left claw)
 w - an amulet of the gourmand (around neck)
Magical devices
 k - a wand of flame (0)
 o - a wand of paralysis (16)
 t - a wand of polymorph (10)
 u - a wand of polymorph (6)
Scrolls
 d - 2 scrolls of teleportation {unknown}
 e - 5 scrolls of remove curse {unknown}
 f - 2 scrolls of random uselessness {unknown}
 g - 2 scrolls of immolation {unknown}
 j - 2 scrolls of fear {unknown}
 l - a scroll of magic mapping {unknown}
 p - a scroll of vulnerability {unknown}
 y - a scroll of noise {unknown}
Potions
 h - a potion of curing {unknown}
 m - a potion of lignification {unknown}
 s - a potion of haste {unknown}
 x - a potion of magic {unknown}
Comestibles
 b - 5 meat rations
 c - 3 bread rations
 r - a beef jerky
 v - a slice of pizza
 z - 5 fruits


   Skills:
 - Level 2.4 Fighting
 - Level 2.4 Dodging
 - Level 1.1 Stealth
 + Level 12.8 Unarmed Combat


You had 8 spell levels left.
You didn't know any spells.

Dungeon Overview and Level Annotations

Branches:
Dungeon (10/15)              Lair (0/8) D:10
 Temple: D:4-7          Orc: D:9-12

Altars:
Gozag
Makhleb
Nemelex Xobeh
Ru
Vehumet
Yredelemnul

Shops:
D:4 :

Annotations:
D:10 Fannar


Innate Abilities, Weirdness & Mutations

You are too large for most types of armour.
You have claws for hands.
Your metabolism is lightning-fast.
You like to eat raw meat.
You heal very quickly.
You are covered in fur (AC +1).
You have very tough skin (AC +2).


Message History

The sheep bites you but does no damage.
The quokka bites you but does no damage.
The iguana bites you! The bat hits you but does no damage.
The river rat bites you but does no damage.
The rat bites you but does no damage. The crocodile bites you!
* * * LOW HITPOINT WARNING * * *
You climb upwards.
There is a stone staircase leading down here.
You can't go up here!
You barely miss the crocodile. The quokka bites you.
* * * LOW HITPOINT WARNING * * *
The sheep bites you but does no damage. The iguana closely misses you.
The river rat bites you.
* * * LOW HITPOINT WARNING * * *
The rat bites you.
* * * LOW HITPOINT WARNING * * *
You completely miss the crocodile. The quokka bites you.
* * * LOW HITPOINT WARNING * * *
The crocodile bites you!
You die...

#.[.................#......#
#....#######...#....#.....#.
#....#...#.....#....#.....#.
#....#...#.....#....#.....#.
#....#...#.....#....#.#####.
#....#...#.....#......#...#.
#....#...#.....#......#...#.
#....#...#rr.).#......#...#.
#....#...#t@Y..#......#...#.
#........#lr................
#........#..................
#........#######............
#..............#............
######....................##
#.........................#.
#....#####.....#..........#.
#....#.........#..........#.


You could see a crocodile, an iguana, a sheep, a river rat, a quokka and a rat.

Vanquished Creatures
  Psyche (D:8)
  A troll (D:9)
  A wyvern (D:8)
  An ice beast (D:9)
  An orc warrior (D:9)
  A phantom (D:9)
  2 sky beasts (D:8)
  2 black bears
  3 ogres (D:9)
  A necrophage (D:9)
  A centaur (D:8)
  A crocodile (D:9)
  A big kobold (D:9)
  2 crimson imps
  4 wights (D:8)
  4 orc priests
  3 hounds
  2 worker ants (D:9)
  2 orc wizards
  2 adders
  A worm (D:3)
  A giant gecko (D:9)
  An ooze (D:2)
  21 orcs
  6 bats
  3 goblins
  6 hobgoblins
  7 jackals
  A quokka (D:8)
  A ball python (D:1)
  A giant cockroach (D:2)
  2 giant newts
  8 kobolds
  5 rats
  5 ballistomycetes (D:9)
105 creatures vanquished.

Vanquished Creatures (others)
  A giant spore (D:9)
1 creature vanquished.

Grand Total: 106 creatures vanquished

Notes
Turn   | Place    | Note
--------------------------------------------------------------
     0 | D:1      | Fiveotanaka, the Troll Monk, began the quest for the Orb.
     0 | D:1      | Reached XP level 1. HP: 22/22 MP: 1/1
   157 | D:2      | Reached XP level 2. HP: 29/29 MP: 1/1
   379 | D:3      | Found a burning altar of Makhleb.
   380 | D:3      | Found a radiant altar of Vehumet.
   383 | D:3      | Reached skill level 5 in Unarmed Combat
   383 | D:3      | Reached XP level 3. HP: 34/36 MP: 2/2
   453 | D:3      | Reached XP level 4. HP: 44/44 MP: 2/2
   556 | D:3      | Found a basalt altar of Yredelemnul.
   569 | D:3      | Reached skill level 6 in Unarmed Combat
   639 | D:3      | Found a sparkling altar of Nemelex Xobeh.
   655 | D:3      | Reached XP level 5. HP: 48/50 MP: 2/2
   714 | D:4      | Found an opulent altar of Gozag.
   714 | D:4      | Found Atojodus' Book Shop.
   749 | D:4      | Reached skill level 7 in Unarmed Combat
   758 | D:5      | Entered Level 5 of the Dungeon
   799 | D:5      | You fall through a shaft for 3 floors!
   805 | D:8      | Noticed a wyvern
   815 | D:8      | Killed a wyvern
   815 | D:8      | Reached XP level 6. HP: 18/59 MP: 3/3
  1034 | D:8      | Noticed a centaur
  1036 | D:8      | Noticed a sky beast
  1040 | D:8      | Killed a centaur
  1040 | D:8      | Reached skill level 8 in Unarmed Combat
  1050 | D:8      | Killed a sky beast
  1050 | D:8      | Reached XP level 7. HP: 29/66 MP: 3/3
  1121 | D:8      | Noticed a black bear
  1123 | D:8      | Killed a black bear
  1123 | D:8      | Reached skill level 9 in Unarmed Combat
  1366 | D:8      | Noticed Psyche
  1379 | D:8      | Killed Psyche
  1379 | D:8      | Reached skill level 10 in Unarmed Combat
  1379 | D:8      | Reached XP level 8. HP: 28/74 MP: 3/3
  1648 | D:9      | Reached skill level 11 in Unarmed Combat
  1811 | D:9      | Found a sacrificial altar of Ru.
  1866 | D:9      | Reached skill level 12 in Unarmed Combat
  2191 | D:9      | Noticed a troll
  2196 | D:9      | Killed a troll
  2196 | D:9      | Reached XP level 9. HP: 71/80 MP: 4/4
  2497 | D:10     | Entered Level 10 of the Dungeon
  2497 | D:10     | Noticed Fannar
  2554 | D:10     | Found a staircase to the Lair.
  2583 | D:9      | Mangled by a crocodile

Action                   |  1- 3 |  4- 6 |  7- 9 || total
-------------------------+-------+-------+-------++-------
Melee: Unarmed           |    40 |    95 |   100 ||   235
 Stab: Sleeping          |       |     1 |     1 ||     2
  Eat: Chunk             |     9 |     6 |    13 ||    28
